 Dungeon Crawl Stone Soup version 0.27-a0-1188-g73eefd5def (webtiles) character file.

Game seed: 6123325782495795105

5499 chippings the Fighter (level 10, -4/81 HPs)
             Began as a Ghoul Monk on May 20, 2021.
             Was an Elder of Hepliaklqana.
             Shot with an arrow by a centaur (12 damage)
             ... on level 9 of the Dungeon.
             The game lasted 00:18:07 (10858 turns).

chippings the Fighter (Ghoul Monk)                 Turns: 10858, Time: 00:18:08

Health: -4/81      AC:  7    Str: 14    XL:     10   Next: 70%
Magic:  14/14      EV: 13    Int:  5    God:    Hepliaklqana [****..]
Gold:   270        SH:  0    Dex: 17    Spells: 9/9 levels left

rFire    + . .     SeeInvis +     - Unarmed
rCold    + + .     Faith    .   (no shield)
rNeg     + + +     Spirit   .   F - +0 ring mail
rPois    ∞         Reflect  .   x - +0 helmet {SInv}
rElec    .         Harm     .   (no cloak)
rCorr    +         Rampage  .   (no gloves)
Will     .....                  p - +0 pair of boots
Stlth    +++.......             (no amulet)
HPRegen  0.00/turn              (no ring)
MPRegen  0.14/turn              a - ring "Jill" {rF+ rC+ rCorr Str-3 Dex+4}

@: no status effects
A: reduced essence, claws 1, cold resistance 1, negative energy resistance 3,
inhibited regeneration, torment resistance 2
a: Renounce Religion, Recall Ancestor, Ancestor Identity, Transference, Idealise


You were on level 9 of the Dungeon.
You worshipped Hepliaklqana.
Hepliaklqana was greatly pleased with you.
You visited 2 branches of the dungeon, and saw 10 of its levels.

You collected 442 gold pieces.
You spent 172 gold pieces at shops.

Inventory:

Hand Weapons
 k - a +3 whip of venom
Missiles
 i - 36 poisoned darts (quivered)
Armour
 o - a +0 pair of gloves
 p - a +0 pair of boots (worn)
 x - a +0 helmet of see invisible (worn)
 E - a +1 helmet of see invisible
 F - a +0 ring mail (worn)
Jewellery
 a - the ring "Jill" (right claw) {rF+ rC+ rCorr Str-3 Dex+4}
   (You found it on level 6 of the Dungeon)

   [ring of protection from fire]

   It affects your strength (-3).
   It affects your dexterity (+4).
   It protects you from fire.
   It protects you from cold.
   It protects you from acid and corrosion.
 j - a ring of ice
Wands
 s - a wand of digging (7)
 w - a wand of acid (6)
 A - a wand of charming (2)
 D - a wand of polymorph (5)
Scrolls
 b - 2 scrolls of teleportation
 f - 2 scrolls of immolation
 m - a scroll of enchant weapon
 r - 4 scrolls of identify
 u - a scroll of fear {unknown}
 y - a scroll of blinking {unknown}
 C - a scroll of fog {unknown}
Potions
 c - a potion of invisibility {unknown}
 d - a potion of might {unknown}
 e - a potion of resistance {unknown}
 g - a potion of ambrosia {unknown}
 h - 5 potions of curing {unknown}
 l - 3 potions of cancellation {unknown}
 n - 5 potions of heal wounds {unknown}
 q - 5 potions of lignification {unknown}
 t - a potion of magic {unknown}
 v - 2 potions of degeneration {unknown}
 z - 2 potions of haste {unknown}
 B - a potion of brilliance {unknown}
 G - a potion of flight {unknown}


   Skills:
 + Level 9.3 Fighting
 + Level 5.0 Dodging
 + Level 8.6 Stealth
 + Level 9.3 Unarmed Combat
 + Level 7.5 Invocations


You had 9 spell levels left.
You didn't know any spells.
Your spell library contained the following spells:

 Spells                   Type           Power      Damage    Failure   Level
 Foxfire                  Conj/Fire      0%         2x1d4     73%         1
 Magic Dart               Conj           0%         1d3       73%         1
 Blink                    Tloc           N/A        N/A       86%         2
 Call Imp                 Summ           0%         N/A       86%         2
 Slow                     Hex            0%         N/A       86%         2
 Conjure Flame            Conj/Fire      0%         6-21      97%         3
 Inner Flame              Hex/Fire       0%         N/A       97%         3
 Mephitic Cloud           Conj/Pois/Air  0%         N/A       97%         3
 Sticky Flame             Conj/Fire      0%         2d3       100%        4
 Fireball                 Conj/Fire      0%         3d3       100%        5


Dungeon Overview and Level Annotations

Branches:
Dungeon (9/15)             Temple (1/1) D:4
   Lair: D:8-11         Orc: D:9-12

Altars:
Cheibriados
Dithmenos
Hepliaklqana
Qazlal
Ru
Vehumet

Shops:
D:3 [   D:5 :([*


Innate Abilities, Weirdness & Mutations

Your life essence is reduced to manifest your ancestor. (-10% HP)
You thrive by killing the living.
You are immune to poison.
You have sharp fingernails.
Your flesh is cold resistant. (rC+)
You are immune to negative energy. (rN+++)
You do not regenerate when monsters are visible.
You are immune to unholy pain and torment.


Message History

Ahumratum hits the two-headed ogre with a +0 dagger of draining.
Ahumratum drains the two-headed ogre.
You scratch the two-headed ogre but do no damage.
The two-headed ogre is almost dead.
The two-headed ogre hits you with a +0 giant club!
The two-headed ogre misses you.
Ahumratum hits the two-headed ogre with a +0 dagger of draining!
The two-headed ogre dies!
Your Dodging skill increases to level 5!
Things that are here:
a +0 giant club; a +0 giant club An orc warrior is nearby!
The centaur shoots an arrow.
The arrow hits you!
* * * LOW HITPOINT WARNING * * *
You hear a shout!
You closely miss the orc warrior.
The orc warrior hits you with a +0 mace!
* * * LOW HITPOINT WARNING * * *
You claw the orc warrior!
The orc warrior is moderately wounded.
Ahumratum gestures at the orc warrior while chanting.
The orc warrior seems to slow down.
The centaur unwields a +0 shortbow.
The centaur completely misses Ahumratum.
The centaur misses Ahumratum.
The orc warrior completely misses you.
Aiming: Corrosive Bolt
Press: ? - help, Shift-Dir - straight line, f - centaur
Aim: a centaur, quivering arrows (83% to hit)
The bolt of acid hits the orc warrior!
The orc warrior is splashed with acid.
The orc warrior is severely wounded.
The bolt of acid hits the centaur!
The centaur is splashed with acid.
The acid corrodes the centaur!
The centaur is heavily wounded.
The centaur hits Ahumratum.
The centaur closely misses Ahumratum.
Ahumratum hits the orc warrior with a +0 dagger of draining.
Ahumratum drains the orc warrior.
The orc warrior dies!
You barely miss the orc wizard.
The centaur wields a +0 shortbow.
The centaur shoots an arrow.
The arrow closely misses Ahumratum.
The arrow hits you!
You die...

..........$......
...o...........
......o......#
............
###.....(.#.. #..<#
......####
#........?##.....#
#.........###oc...#
..c........##@R...##
...[........#...).#
................###
.##.........##..#
###.).......#..
...##.....#
..##....### ## ###..
##


You could see the friendly Ahumratum the hexer, a centaur (corroded, ally
target) and an orc wizard.

Vanquished Creatures
  Erica (D:8)
  Maggie (D:8)
  A hornet (D:8)
  A yak (D:8)
  A steam dragon (D:5)
  An ice beast (D:5)
  A killer bee (D:6)
  An ogre (D:2)
  3 centaurs (D:7)
  A phantom (D:7)
  A kobold brigand (D:8)
  3 bullfrogs (D:7)
  A scorpion (D:5)
  A wight (D:4)
  3 centaur zombies
  An orc priest (D:6)
  A centaur skeleton (D:5)
  2 hounds
  A jelly (D:6)
  A bullfrog skeleton (D:5)
  2 iguanas
  An orc wizard (D:8)
  Robin (D:4)
  8 gnolls
  An adder (D:4)
  A shadow imp (D:8)
  A white imp (D:4)
  An ufetubus (D:6)
  An adder skeleton (D:4)
  3 worms
  7 dart slugs
  16 orcs
  4 bats
  7 endoplasms
  3 giant cockroaches (D:4)
  6 hobgoblins
  3 jackals (D:1)
  3 quokkas
  7 ball pythons
  3 frilled lizards
  13 goblins
  9 kobolds
  3 rats (D:1)
131 creatures vanquished.

Vanquished Creatures (collateral kills)
  A two-headed ogre (D:9)
  Prince Ribbit (D:7)
  2 yaks (D:8)
  2 steam dragons
  3 orc warriors
  A black bear (D:5)
  A sky beast (D:4)
  2 ogres
  A killer bee (D:6)
  A bullfrog (D:5)
  A scorpion (D:7)
  2 gnoll sergeants
  A howler monkey (D:4)
  A centaur zombie (D:5)
  A hound (D:6)
  A centaur skeleton (D:7)
  2 orc wizards
  3 gnolls
  2 adders
  7 orcs
  A bat (D:3)
  A goblin (D:4)
  A quokka (D:3)
  4 kobolds
43 creatures vanquished.

Vanquished Creatures (others)
  2 killer bees (D:6)
  2 hexers
  5 plants (D:4)
9 creatures vanquished.

Grand Total: 183 creatures vanquished

Notes
Turn   | Place    | Note
-------+----------+-------------------------------------------
     0 | D:1      | chippings the Ghoul Monk began the quest for the Orb.
     0 | D:1      | Reached XP level 1. HP: 19/19 MP: 0/0
   188 | D:1      | Reached XP level 2. HP: 25/26 MP: 1/1
   747 | D:1      | Found a faded altar of an unknown god.
   866 | D:1      | Reached XP level 3. HP: 28/33 MP: 2/2
  1379 | D:2      | Reached XP level 4. HP: 6/41 MP: 3/3
  1666 | D:2      | Noticed an ogre
  2073 | D:2      | Killed an ogre
  2074 | D:2      | Reached skill level 5 in Fighting
  2074 | D:2      | Reached skill level 5 in Unarmed Combat
  2074 | D:2      | Reached XP level 5. HP: 6/48 MP: 4/4
  2799 | D:3      | Found a hazy altar of Hepliaklqana.
  2813 | D:3      | Became a worshipper of Hepliaklqana the Forgotten
  2813 | D:3      | Reached * piety under Hepliaklqana
  2813 | D:3      | Reached ** piety under Hepliaklqana
  2816 | D:3      | Remembered your ancestor Ahumratum as a hexer
  2929 | D:3      | Found Daogyhodgh's Armour Shoppe.
  3144 | D:3      | Found a snail-covered altar of Cheibriados.
  3642 | D:4      | Reached XP level 6. HP: 43/50 MP: 5/5
  3718 | D:4      | Noticed Robin
  3741 | D:4      | Reached skill level 1 in Invocations
  3761 | D:4      | Killed Robin
  3994 | D:4      | Found a staircase to the Ecumenical Temple.
  4007 | Temple   | Entered the Ecumenical Temple
  4012 | D:4      | Noticed a sky beast
  4018 | D:4      | Killed a sky beast
  4270 | D:4      | Found a radiant altar of Vehumet.
  4448 | D:4      | Reached XP level 7. HP: 38/55 MP: 7/7
  4643 | D:5      | Entered Level 5 of the Dungeon
  4663 | D:5      | Found Sasaad's Antique Armour Shop.
  4673 | D:5      | Bought a glowing helmet for 172 gold pieces
  4728 | D:5      | Found Hihaomn's Book Shoppe.
  4892 | D:5      | Found Zoerphim's Weapon Emporium.
  4953 | D:5      | Found Zinaf's General Store.
  5192 | D:5      | Noticed a steam dragon
  5202 | D:5      | Killed a steam dragon
  5347 | D:5      | Reached *** piety under Hepliaklqana
  5367 | D:5      | Reached XP level 8. HP: 25/63 MP: 9/9
  5571 | D:5      | Reached skill level 5 in Stealth
  6781 | D:6      | Found a shadowy altar of Dithmenos.
  6795 | D:6      | You fall into a shaft and drop 1 floor!
  6797 | D:7      | Noticed Prince Ribbit
  7365 | D:6      | Reached skill level 5 in Invocations
  7372 | D:6      | Identified the ring "Jill" {rF+ rC+ rCorr Str-3 Dex+4}
  7903 | D:7      | Reached XP level 9. HP: 50/71 MP: 11/11
  8141 | D:7      | Killed Prince Ribbit
  8514 | D:7      | Reached **** piety under Hepliaklqana
  9446 | D:8      | Reached XP level 10. HP: 32/81 MP: 13/13
  9499 | D:9      | Noticed a two-headed ogre
 10093 | D:8      | Noticed Maggie
 10103 | D:8      | Killed Maggie
 10328 | D:8      | Noticed Erica
 10347 | D:8      | Killed Erica
 10848 | D:9      | Killed a two-headed ogre
 10849 | D:9      | Reached skill level 5 in Dodging
 10858 | D:9      | Shot with an arrow by a centaur

Illustrated notes

Levels and vault maps discovered:
D:1:      lightli_arrival_boilingwater, layout_basic,
          shapermc_ecumenical_altar_notcrosses
D:2:      layout_loops_cross
D:3:      layout_loops_corners, lemuel_tele_altar, lemuel_round_altar,
          serial_shops, shop, glass_columns_b, grunt_decor_fettered
D:4:      layout_basic, kennysheep_mini_moat,
          minmay_temple_entry_gardened_gates, minmay_small_thing, uniq_robin
D:5:      layout_gridville, serial_shops, shop, nicolae_shop_waterfront,
          nicolae_shop_temple_entry_statues_fountains, shop
D:6:      layout_cave_pods, grunt_dithmenos_smoke_and_mirrors
D:7:      layout_basic, minmay_misc_feat_encased, corexii_leaking_fountain,
          minivault_23, uniq_prince_ribbit1
D:8:      layout_cave_pods, grunt_ministairs_5, uniq_maggie, uniq_erica
D:9:      layout_cave_pools, nicolae_overflow_hidden_temple,
          chequers_temple_overflow_minitemple,
          nicolae_kikubaaqudgha_miasma_corner,
          grunt_temple_overflow_champion_of_chaos, orc_david_3
Temple:   compressed_dpeg_triangle_lava_temple

Skill      XL: |  1  2  3  4  5  6  7  8  9 10 |
---------------+-------------------------------+-----
Fighting       | 4 5 6 7 8 9 |  9.3
Unarmed Combat | 4 5 6 7 8 9 |  9.3
Invocations    | 2 3 5 6 7 |  7.5
Stealth        | 3 4 6 7 8 |  8.6
Dodging        | 4 5 |  5.0

Action                   |  1- 3 |  4- 6 |  7- 9 | 10-12 || total
-------------------------+-------+-------+-------+-------++-------
Melee: Unarmed           |   105 |   126 |   239 |    74 ||   544
       Punch             |     3 |     1 |    15 |     3 ||    22
       Whip              |       |     3 |       |       ||     3
Invok: Ancestor Life: He |       |     1 |       |       ||     1
       Recall Ancestor   |       |       |     1 |       ||     1
Evoke: Wand              |       |       |     4 |     1 ||     5
  Use: Scroll            |       |       |     4 |       ||     4
 Stab: Sleeping          |     4 |     6 |     7 |     2 ||    19
       Distracted        |       |       |     7 |     2 ||     9
       Confused          |       |       |     7 |       ||     7
Armor: Robe              |    14 |    22 |    28 |       ||    64
       Ring mail         |       |       |    45 |    16 ||    61
Dodge: Dodged            |    58 |    66 |   140 |    39 ||   303

Table legend: (Time is in decaauts)
 A = Elapsed time spent in this place.
 B = Non-inter-level travel time spent in this place.
 C = Inter-level travel time spent in this place.
 D = Time resting spent in this place.
 E = Time spent auto-exploring this place.
 F = Levels seen in this place.
 G = Mean time per level.
                   A        B        C        D        E       F      G
               +--------+--------+--------+--------+--------+-----+--------+
         Total |  10799 |  10424 |    375 |   1071 |   7199 |  10 | 1079.9 |
       Dungeon |  10797 |  10422 |    375 |   1071 |   7199 |   9 | 1199.7 |
        Temple |      1 |      1 |      0 |      0 |      0 |   1 |    1.0 |
               +--------+--------+--------+--------+--------+-----+--------+

Top non-repeatable levels by time:
     D:6: 2075 daAuts
     D:2: 1618 daAuts
     D:7: 1405 daAuts
     D:8: 1350 daAuts
     D:5: 1326 daAuts
     D:4: 1054 daAuts
     D:1: 998 daAuts
     D:3: 950 daAuts
     D:9: 18 daAuts
  Temple: 1 daAuts
